 Dungeon Crawl Stone Soup version 0.29.1-15-g9cfb28693d (webtiles) character file.

Game seed: 8574717841452415892

44 WimpyRanger the Trooper (level 3, 0/37 HPs)
             Began as an Ogre Gladiator on Mar 14, 2023.
             Succumbed to an adder's poison
             ... on level 2 of the Dungeon.
             The game lasted 00:02:05 (1099 turns).

WimpyRanger the Trooper (Ogre Gladiator)            Turns: 1099, Time: 00:02:05

Health: 0/37       AC:  3    Str: 19 (20) XL:     3   Next: 60%
Magic:  3/3        EV: 10    Int:  6 (9)  God:
Gold:   84         SH:  0    Dex:  7 (10) Spells: 2/2 levels left

rFire   . . .      SeeInvis .   a - +0 flail
rCold   . . .      Faith    .   (no shield)
rNeg    . . .      Spirit   .   b - +0 robe
rPois   .          Reflect  .   c - +0 hat
rElec   .          Harm     .   (no cloak)
rCorr   .          Rampage  .   (gloves unavailable)
Will    .....                   (boots unavailable)
Stlth   +.........              (no amulet)
HPRegen 0.12/turn               (no ring)
MPRegen 0.08/turn               (no ring)

@: lethally poisoned (0 -> -6), flying
A: large, unfitting armour, tough skin 1
a: no special abilities


You were on level 2 of the Dungeon.
You visited 1 branch of the dungeon, and saw 2 of its levels.

You collected 84 gold pieces.

Inventory:

Hand Weapons
 a - a +0 flail (weapon)
Missiles
 d - 3 throwing nets
 e - a large rock (quivered)
Armour
 b - a +0 robe (worn)
 c - a +0 hat (worn)
Wands
 n - a wand of mindburst (20)
Scrolls
 g - 3 scrolls of teleportation {unknown}
 i - a scroll of magic mapping {unknown}
 j - a scroll of enchant armour {unknown}
 l - a scroll of noise {unknown}
 m - a scroll of identify {unknown}
 o - a scroll of vulnerability {unknown}
 p - a scroll of blinking {unknown}
Potions
 k - a potion of attraction


   Skills:
 + Level 3.3 Fighting
 + Level 3.2 Maces & Flails
 + Level 2.1 Throwing
 + Level 3.2 Dodging


You had 2 spell levels left.
You didn't know any spells.
Your spell library contained the following spells:

 Spells                   Type           Power      Damage    Failure   Level
 Sting                    Tmut/Pois      0%         1d3       45%         1
 Poisonous Vapours        Pois/Air       0%         N/A       58%         2
 Olgreb's Toxic Radiance  Pois           0%         N/A       99%         4


Dungeon Overview and Level Annotations

Branches:
Dungeon (2/15)

Altars:


Innate Abilities, Weirdness & Mutations

You are too large for most types of armour.
You have tough skin. (AC +1)


Message History

You feel sick. The adder bites you but does no damage.
You barely miss the adder.
The adder is heavily wounded.
You feel sick.
You are no longer poisoned.
The adder bites you.
You are poisoned.
The adder poisons you! The adder bites you.
You are more poisoned.
The adder poisons you!
You barely miss the adder.
The adder is heavily wounded.
You feel very sick. The adder completely misses you.
The adder closely misses you.
You hit the adder but do no damage.
The adder is heavily wounded.
You feel sick. The adder bites you.
You are lethally poisoned!
The adder poisons you!
You hit the adder.
The adder is severely wounded.
* * * LOW HITPOINT WARNING * * *
You feel very sick. The adder closely misses you. The adder bites you.
* * * LOW HITPOINT WARNING * * *
It was a potion of degeneration.
There was something very wrong with that liquid.
You feel weakened.
You feel dopey.
You feel clumsy.
* * * LOW HITPOINT WARNING * * *
You feel sick. The adder bites you.
* * * LOW HITPOINT WARNING * * *
It was a potion of flight.
You feel very buoyant.
You fly up into the air.
* * * LOW HITPOINT WARNING * * *
You feel sick. The adder barely misses you.
The adder bites you but does no damage.
You closely miss the adder.
The adder is severely wounded.
You die...

........#
..w.....# #≈≈
...$...<# #≈.
........# #≈. #.#
#≈. #.# #≈. #w#
#≈. #S# #≈)
#@###############.
#......'.≈≈≈≈≈≈##.
######.'.........#
#.'(≈≈≈≈≈≈##.
############. #≈.
#≈. #≈. #≈.


You could see an adder and a dart slug.

Vanquished Creatures
  2 adders (D:2)
  A dart slug (D:2)
  A ball python (D:1)
  A bat (D:1)
  2 giant cockroaches
  5 goblins
  3 hobgoblins (D:2)
  2 quokkas (D:2)
  2 frilled lizards (D:1)
  2 kobolds (D:1)
  A rat (D:1)
22 creatures vanquished.

Notes
Turn   | Place    | Note
-------+----------+-------------------------------------------
     0 | D:1      | WimpyRanger the Ogre Gladiator began the quest for the Orb.
     0 | D:1      | Reached XP level 1. HP: 22/22 MP: 1/1
   254 | D:1      | Reached XP level 2. HP: 29/29 MP: 2/2
   687 | D:2      | Reached XP level 3. HP: 33/37 MP: 3/3
   805 | D:2      | HP: 1/37 [hobgoblin (1)]
  1099 | D:2      | Succumbed to an adder's poison

Illustrated notes

Levels and vault maps discovered:
D:1:      lemuel_arrival_funnel, layout_basic, st_stairs_1
D:2:      layout_basic, kennysheep_cross_bottleneck

Skill      XL: |  1  2 |
---------------+-------+-----
Dodging        | 3 |  3.2
Maces & Flails | 3 |  3.2
Fighting       | 3 |  3.3
Throwing       | |  2.1

Action                   || total
-------------------------++-------
Melee: Flail             ||    75
       Punch             ||     1
  Use: Potion            ||     6
Armor: Robe              ||    23
Dodge: Dodged            ||    51
